 Dungeon Crawl Stone Soup version 0.26.1-11-gd32895ea62 (webtiles) character file.

Game seed: 2358223364079719560

28 H0rd4k the Insei (level 3, -1/23 HPs)
             Began as an Octopode Transmuter on May 3, 2021.
             Slain by an adder (5 damage)
             ... on level 1 of the Dungeon.
             The game lasted 00:00:33 (1071 turns).

H0rd4k the Insei (Octopode Transmuter)              Turns: 1071, Time: 00:00:34

Health: -1/23      AC:  1    Str:  9    XL:     3   Next: 14%
Magic:  6/6        EV: 13    Int: 16    God:
Gold:   0          SH:  0    Dex: 12    Spells: 5/6 levels left

rFire    . . .     SeeInvis .     - Unarmed
rCold    . . .     Faith    .   (no shield)
rNeg     . . .     Spirit   .   (helmet restricted)
rPois    .         Reflect  .   (no amulet)
rElec    .         Harm     .   (no ring)
rCorr    .         Rampage  .   (no ring)
Will     .....                  (no ring)
Stlth    ++........             (no ring)
HPRegen  0.07/turn              (no ring)
MPRegen  0.10/turn              (no ring)
                                (no ring)
                                (no ring)

@: lethally poisoned (-1 -> -6)
A: almost no armour, stealthy swim, amphibious, 8 rings, constrict 8, camouflage
1, gelatinous body 1
a: no special abilities


You were on level 1 of the Dungeon.
You visited 1 branch of the dungeon, and saw 2 of its levels.

Inventory:

Missiles
 a - 7 boomerangs of dispersal
 g - 19 poisoned darts
Jewellery
 d - a cursed ring of teleportation {unknown}
Scrolls
 b - a scroll of fear {unknown}
 c - a scroll of amnesia {unknown}
 h - a scroll of random uselessness {unknown}
Potions
 e - a potion of degeneration {unknown}
 f - 3 potions of curing {unknown}
 i - a potion of lignification {unknown}


   Skills:
 + Level 1.1 Fighting
 + Level 2.4 Dodging
 + Level 0.2 Stealth
 + Level 3.5 Unarmed Combat
 + Level 2.2 Spellcasting
 + Level 2.1 Transmutations


You had 5 spell levels left.
You knew the following spells:

 Your Spells              Type           Power        Failure   Level
a - Beastly Appendage     Tmut           16%          9%          1

Your spell library contained the following spells:

 Spells                   Type           Power        Failure   Level
 Wereblood                Tmut           8%           13%         2
 Spider Form              Tmut/Pois      2%           36%         3
 Ice Form                 Ice/Tmut       5%           78%         4
 Blade Hands              Tmut           4%           93%         5


Dungeon Overview and Level Annotations

Branches:
Dungeon (2/15)

Altars:


Innate Abilities, Weirdness & Mutations

You cannot wear most types of armour.
You are very stealthy in the water. (Stealth+)
You are amphibious.
You can wear up to eight rings at the same time.
You can use your tentacles to constrict eight enemies at once.
Your skin changes colour to match your surroundings (Stealth+).
Your rubbery body absorbs attacks. (AC +1, EV +1)


Message History

You climb upwards.
You feel sick.
There is a stone staircase leading down here.
You barely miss the giant cockroach. Your grab misses the giant cockroach.
You squeeze the giant cockroach, but do no damage.
You feel sick.
The giant cockroach bites you but does no damage.
The adder bites you.
* * * LOW HITPOINT WARNING * * *
You miss the adder. Your grab misses the adder. The giant cockroach misses you.
The adder misses you.
You miss the adder. Your grab misses the adder. The adder barely misses you.
The giant cockroach closely misses you.
You miss the adder. Your grab misses the adder.
* * * LOW HITPOINT WARNING * * *
You feel sick. The adder barely misses you. The giant cockroach bites you.
* * * LOW HITPOINT WARNING * * *
You closely miss the adder. Your grab misses the adder.
The adder barely misses you. The giant cockroach misses you.
The adder bites you.
You die...

##.#..............#.## #.# #.
#.###########.......###.# #.
##.###### #......#.##.# #.
........# #...(...###.# #.
##.####(# ##.....## #.# #.
#....#.# ####..# #.#######.
####.#.# ###..# #......... #.#.#
#.S..####..####### ##.#.#
#@#........# ##....#
#B###..##..## ###.....## #.#
#..♣##..######
)........#######.###...###......#
###....................P#######..
##......#########.♣P.P# ##.
##.....####.####.♣...#♣#######
#.÷.........##....♣.#..'.P###
#.....####.###......#P.#.PP##


You could see an adder and a giant cockroach.

Vanquished Creatures
  An ooze (D:1)
  A dart slug (D:1)
  3 leopard geckos (D:1)
  A giant cockroach (D:1)
  2 goblins (D:1)
  3 hobgoblins (D:1)
  A quokka (D:2)
  2 bats (D:1)
  A frilled lizard (D:1)
  3 rats (D:1)
18 creatures vanquished.

Notes
Turn   | Place    | Note
-------+----------+-------------------------------------------
     0 | D:1      | H0rd4k the Octopode Transmuter began the quest for the Orb.
     0 | D:1      | Reached XP level 1. HP: 13/13 MP: 3/3
   161 | D:1      | Reached XP level 2. HP: 14/18 MP: 5/5
   597 | D:1      | Reached XP level 3. HP: 23/23 MP: 6/6
  1071 | D:1      | Slain by an adder

Illustrated notes

Levels and vault maps discovered:
D:1:      denvon_arrival_planthouse, layout_loops_ring
D:2:      layout_loops_ring

Action                   || total
-------------------------++-------
Melee: Unarmed           ||    48
       Constrict         ||    12
       Tentacles         ||     9
       Punch             ||     1
 Stab: Sleeping          ||     3
Armor: Skin              ||     4
Dodge: Dodged            ||    38
